 Dungeon Crawl Stone Soup version 0.25-a0-316-gd28d56f9c5 (webtiles) character file.

Game seed: 2893402916286508589, levelgen mode: deterministic

617 Glalom the Firebug (level 7, -4/40 HPs)
             Began as a Deep Elf Fire Elementalist on Dec 24, 2019.
             Shot with an arrow by a centaur (7 damage)
             ... on level 5 of the Dungeon.
             The game lasted 00:14:50 (6210 turns).

Glalom the Firebug (Deep Elf Fire Elementalist)     Turns: 6210, Time: 00:14:50

Health: -4/40      AC:  3    Str:  5    XL:     7   Next: 21%
Magic:  7/13       EV: 13    Int: 22    God:
Gold:   287        SH:  0    Dex: 15    Spells: 2/12 levels left

rFire    . . .     SeeInvis .   C - +0 whip (venom)
rCold    . . .     Gourm    .   (no shield)
rNeg     . . .     Faith    .   a - +0 robe
rPois    .         Spirit   .   D - +1 hat
rElec    .         Reflect  .   (no cloak)
rCorr    .         Harm     .   (no gloves)
MR       .....                  (no boots)
Stlth    ++........             t - amulet of rage
HPRegen  0.13/turn              (no ring)
MPRegen  0.13/turn              (no ring)

@: very slightly contaminated
A: no striking features
a: Evoke Berserk Rage


You were on level 5 of the Dungeon.
You were not hungry.

You visited 2 branches of the dungeon, and saw 6 of its levels.

You collected 287 gold pieces.

Inventory:

Hand Weapons
 f - a +2 dagger of pain
 i - a +3 mace
 r - a +1 great mace of protection
 C - a +0 whip of venom (weapon)
Armour
 a - a +0 robe (worn)
 D - a +1 hat (worn)
Jewellery
 t - an amulet of rage (around neck)
 v - an uncursed ring of ice
 H - an uncursed ring of ice
Wands
 u - a wand of iceblast (7)
 B - a wand of acid (7)
Scrolls
 b - a scroll of identify {unknown}
 e - 2 scrolls of remove curse {unknown}
 k - 2 scrolls of enchant weapon {unknown}
 m - 2 scrolls of blinking {unknown}
 n - a scroll of enchant armour {unknown}
 q - 6 scrolls of teleportation {unknown}
 s - 2 scrolls of fog {unknown}
 y - 2 scrolls of magic mapping {unknown}
 E - a scroll of random uselessness {unknown}
 F - 2 scrolls of amnesia {unknown}
 G - a scroll of noise {unknown}
Potions
 d - 2 potions of curing {unknown}
 g - 2 potions of heal wounds {unknown}
 h - 3 potions of lignification {unknown}
 j - 2 potions of haste {unknown}
 l - a potion of might {unknown}
 o - a potion of berserk rage {unknown}
 p - a potion of magic {unknown}
 w - a potion of degeneration {unknown}
 x - a potion of agility {unknown}
 z - a potion of brilliance {unknown}
 A - 2 potions of mutation {unknown}
Comestibles
 c - 9 rations


   Skills:
 - Level 2.2 Fighting
 - Level 2.4 Dodging
 - Level 2.4 Stealth
 - Level 3.0 Spellcasting
 + Level 5.6 Conjurations
 + Level 6.4 Fire Magic


You had 2 spell levels left.
You knew the following spells:

 Your Spells              Type           Power        Failure   Level  Hunger
a - Foxfire               Conj/Fire      ####         1%          1    None
b - Sticky Flame          Conj/Fire      ####....     11%         4    ####...
c - Fireball              Conj/Fire      ####......   28%         5    ######.

Your spell library contained the following spells:

 Spells                   Type           Power        Failure   Level  Hunger
 Confusing Touch          Hex            #.....       12%         1    None
 Conjure Flame            Conj/Fire      ####....     3%          3    ###....
 Inner Flame              Hex/Fire       ###.....     10%         3    ###....
 Confuse                  Hex            #.......     36%         3    ###....
 Gell's Gravitas          Tloc           #.........   36%         3    ###....
 Petrify                  Tmut/Erth      #.......     77%         4    ####...
 Metabolic Englaciation   Hex/Ice        #.........   98%         5    ######.
 Yara's Violent Unravell  Hex/Tmut       #.........   98%         5    ######.


Dungeon Overview and Level Annotations

Branches:
Dungeon (5/15)             Temple (1/1) D:4

Altars:
Ashenzari
Dithmenos
Elyvilon
Fedhas
Gozag
Hepliaklqana
Kikubaaqudgha
Makhleb
Okawaru
Qazlal
Ru
Trog
Uskayaw
Xom
Yredelemnul


Message History

Your foxfire dissipates!
The centaur shoots an arrow.
The arrow hits you.
* * * LOW HITPOINT WARNING * * *
You see here 2 arrows.
Okay, then.
The centaur shoots an arrow.
The arrow hits you.
* * * LOW HITPOINT WARNING * * *
You see here an arrow.
Casting: Foxfire (safe; 1% risk of failure)
Confirm with . or Enter, or press ? or * to list all spells.
You don't know that spell.
Casting: Foxfire (safe; 1% risk of failure)
Confirm with . or Enter, or press ? or * to list all spells.
Aiming: Fireball (quite dangerous; 28% risk of failure)
Press: ? - help, Shift-Dir - straight line, f - centaur
Aim: a centaur, wielding a +0 shortbow, wearing an uncursed ring of stealth and quivering 11 arrows (moderately wounded)
You miscast Fireball.
You are very lightly contaminated with residual magic.
Sparks fly from your hands!
The centaur shoots an arrow.
The arrow hits you!
You die...

.......ยงยง# .........##
..........# ..........#
..........# ..........# ######
.......(..#####....####
..............(.##..........###
................@....######...#
...............####### ##.##
.#.............# ##.#
##.............# #.##
.#.........c...### ##.#
..#..............### ###.##
...................#####..##
.###.....................## .#
#.........####.......##


You could see a centaur.

Vanquished Creatures
  A centaur (D:5)
  A big kobold (D:5)
  A scorpion (D:5)
  An orc priest (D:4)
  2 bullfrog skeletons (D:4)
  2 hounds
  An iguana (D:5)
  2 worker ants (D:4)
  2 hound skeletons (D:5)
  9 adders
  A shadow imp (D:5)
  An ooze (D:1)
  3 worms
  3 dart slugs
  A leopard gecko (D:1)
  5 orcs
  3 giant cockroaches
  4 goblins
  7 hobgoblins
  8 jackals
  A quokka (D:2)
  A ball python (D:3)
  4 bats
  3 frilled lizards
  9 kobolds
  A leopard gecko skeleton (D:4)
  6 rats
83 creatures vanquished.

Vanquished Creatures (others)
  266 foxfires
266 creatures vanquished.

Grand Total: 349 creatures vanquished

Notes
Turn   | Place    | Note
-------+----------+-------------------------------------------
     0 | D:1      | Glalom the Deep Elf Fire Elementalist began the quest for
                  | the Orb.
     0 | D:1      | Reached XP level 1. HP: 10/10 MP: 6/6
   107 | D:1      | Reached XP level 2. HP: 10/15 MP: 5/8
  1148 | D:1      | Reached skill level 4 in Fire Magic
  1353 | D:1      | Reached XP level 3. HP: 19/19 MP: 7/9
  2514 | D:2      | Reached XP level 4. HP: 16/24 MP: 7/10
  2995 | D:3      | Reached skill level 5 in Fire Magic
  3001 | D:3      | Learned a level 4 spell: Sticky Flame
  3243 | D:3      | Found a shimmering altar of Xom.
  3244 | D:3      | Found a shimmering altar of Xom.
  3244 | D:3      | Found a shimmering altar of Xom.
  3244 | D:3      | Found a shimmering altar of Xom.
  3244 | D:3      | Found a shimmering altar of Xom.
  3244 | D:3      | Found a shimmering altar of Xom.
  3248 | D:3      | Found a shimmering altar of Xom.
  3248 | D:3      | Found a shimmering altar of Xom.
  3543 | D:4      | Reached skill level 1 in Fighting
  3566 | D:4      | Reached XP level 5. HP: 14/30 MP: 6/11
  3829 | D:4      | Found a staircase to the Ecumenical Temple.
  3879 | Temple   | Entered the Ecumenical Temple
  4483 | D:4      | Reached XP level 6. HP: 29/35 MP: 8/12
  5058 | D:5      | Entered Level 5 of the Dungeon
  5227 | D:5      | Reached skill level 6 in Fire Magic
  5530 | D:5      | Reached skill level 5 in Conjurations
  5530 | D:5      | Reached XP level 7. HP: 25/40 MP: 11/13
  5537 | D:5      | Learned a level 5 spell: Fireball
  6210 | D:5      | Shot with an arrow by a centaur

Levels and vault maps discovered:
D:1:      onia_arrival_handbag, layout_basic
D:2:      layout_basic
D:3:      layout_rooms, xom_redecorated
D:4:      layout_basic, temple_pool_b, first_ration
D:5:      layout_layer_cave, uniq_duvessa
Temple:   regret_index_temple_generic_petals

Skill      XL: |  1  2  3  4  5  6 |
---------------+-------------------+-----
Conjurations   | 2 3 5 |  5.6
Fire Magic     | 4 5 6 |  6.4
Fighting       | 1 2 |  2.2
Dodging        | |  2.4
Stealth        | |  2.4
Spellcasting   | |  3.0

Action                   |  1- 3 |  4- 6 |  7- 9 || total
-------------------------+-------+-------+-------++-------
Melee: Dagger            |       |     1 |       ||     1
       Whip              |       |     5 |       ||     5
 Cast: Foxfire           |    52 |    95 |    14 ||   161
 Stab: Sleeping          |       |     2 |       ||     2
  Eat: Chunk             |     5 |     8 |       ||    13
       Ration            |       |       |     1 ||     1
Armor: Robe              |     2 |     4 |     1 ||     7
Dodge: Dodged            |    18 |    32 |    11 ||    61

Table legend:
 A = Non-vault XP
 B = Vault XP
 C = Vault XP percentage of total XP
 D = Non-vault monster count
 E = Vault monster count
 F = Vault count percentage of total count
                 A         B        C        D         E       F
            +---------+---------+-------+---------+---------+-------
      Total |     872 |      10 |   1.1 |      79 |       4 |   4.8
            +---------+---------+-------+---------+---------+-------
        D:1 |      33 |      10 |  23.3 |      18 |       4 |  18.2
        D:2 |      54 |       0 |   0.0 |      13 |       0 |   0.0
        D:3 |      58 |       0 |   0.0 |      14 |       0 |   0.0
        D:4 |     281 |       0 |   0.0 |      18 |       0 |   0.0
        D:5 |     446 |       0 |   0.0 |      16 |       0 |   0.0
            +---------+---------+-------+---------+---------+-------
